 Dungeon Crawl Stone Soup version 0.30-a0-585-g93115170b9 (webtiles) character file.

Game seed: 13669777465123746664

1468485 mrw0lf the Evocator (level 26, 211/211 HPs)
             Began as a Gnoll Fire Elementalist on Dec 31, 2022.
             Was an Initiate of Gozag.
             Escaped with the Orb
             ... and 3 runes on Jan 1, 2023!
             The game lasted 07:54:41 (85032 turns).

mrw0lf the Evocator (Gnoll Fire Elementalist)      Turns: 85032, Time: 07:54:42

Health: 211/211    AC: 33    Str: 17 (19) XL:     26   Next: 18%
Magic:  54/54      EV: 16    Int: 43      God:    Gozag
Gold:   2713       SH: 19    Dex: 14 (15) Spells: 5/61 levels left

rFire   + + .      SeeInvis .    a - +9 demon trident (elec)
rCold   + . .      Faith    +    m - +5 kite shield {reflect}
rNeg    + . .      Spirit   .    I - +1 pearl dragon scales of Failure {rN+ Int+5}
rPois   +          Reflect  +    c - +5 helmet of Courage {+Blink Regen+ Str-3 Int+8}
rElec   .          Harm     .    P - scarf {rC+ rF+}
rCorr   .          Rampage  .    e - +2 pair of gloves of Decompression {Regen+}
Will    +++++                    v - +2 pair of boots of the King of the Hill {Int+4}
Stlth   ++                       p - amulet "Uxagoups" {Faith rPois rF+ Will+++ MP-9}
HPRegen 2.15/turn                Q - ring "Qesubom" {Fly Will+ MP+9 Str+6}
MPRegen 0.34/turn                X - ring of Loojul {MP+9 Str+4 Int+4 Dex+2}

@: flying, studying Evocations, bribing [the Dungeon, the Realm of Zot]
A: fangs 1, strong nose, distributed training, subdued magic 1
0: Orb of Zot
}: 3/15 runes: barnacled, silver, gossamer
a: Renounce Religion, Evoke Blink, Potion Petition, Call Merchant, Bribe Branch


You escaped.
You worshipped Gozag.
Gozag was most pleased with you.
You visited 9 branches of the dungeon, and saw 47 of its levels.
You also visited: Gauntlet and Desolation.

You collected 26734 gold pieces.
You spent 10028 gold pieces at shops.
You paid 13993 gold pieces to Gozag.

Inventory:

Hand Weapons
 a - a +9 demon trident of electrocution (weapon)
 b - the +10 morningstar "Eos" {elec, Halo rElec}
   (You took it off a deep elf archer on level 3 of the Elven Halls)

   It occasionally discharges a powerful burst of electricity upon striking a
   foe.
   It grants its wielder a halo, revealing invisible creatures and increasing
   accuracy against all within it other than the wielder.
   rElec:     It insulates you from electricity.
 O - a +7 rapier of speed
 W - the +7 war axe of the Hidden Hosts {freeze, Str+9 Int-4}
   (You took it off an orc on level 9 of the Dungeon)

   It freezes those it strikes, dealing additional cold damage.
   It can also slow down cold-blooded creatures.
   Str:       It affects your strength (+9).
   Int:       It affects your intelligence (-4).
Missiles
 o - 10 javelins
 s - 8 throwing nets
 z - 20 poisoned darts (quivered)
 R - 10 silver javelins
Armour
 c - the +5 helmet of Courage (worn) {+Blink Regen+ Str-3 Int+8}
   (You found it in a Gauntlet)

   Str:       It affects your strength (-3).
   Int:       It affects your intelligence (+8).
   +Blink:    It lets you blink.
   Regen:     It increases your rate of health regeneration.
 e - the +2 pair of gloves of Decompression (worn) {Regen+}
   (You found it on level 4 of the Shoals)

   Regen:     It increases your rate of health regeneration.
 m - a +5 kite shield of reflection (worn)
 v - the +2 pair of boots of the King of the Hill (worn) {Int+4}
   (You acquired it on level 15 of the Dungeon)

   Int:       It affects your intelligence (+4).
 x - the +2 cloak of the Thief {*Fog Slay-2 SInv Stlth+}
   (You acquired it on level 15 of the Dungeon)

   It may release a thick cloud of smoke when the wearer is hurt.
   Slay:      It affects your accuracy & damage with ranged weapons and melee
   (-2).
   SInv:      It lets you see invisible.
   Stlth:     It makes you more stealthy.
 I - the +1 pearl dragon scales of Failure (worn) {rN+ Int+5}
   (You found it on level 5 of the Vaults)

   Int:       It affects your intelligence (+5).
   rN:        It protects you from negative energy.
 P - a scarf of resistance (worn)
Jewellery
 p - the amulet "Uxagoups" (around neck) {Faith rPois rF+ Will+++ MP-9}
   (You bought it in a shop on level 1 of the Vaults)

   [amulet of faith]

   It allows you to gain divine favour quickly.
   rF:        It protects you from fire.
   rPois:     It protects you from poison.
   MP:        It affects your magic capacity (-9).
   Will:      It greatly increases your willpower.
 C - a ring of resist corrosion
 E - the ring of Xacowu {rC+ rN+ Stlth+}
   (You found it in the Desolation of Salt)

   [ring of protection from cold]

   rC:        It protects you from cold.
   rN:        It protects you from negative energy.
   Stlth:     It makes you more stealthy.
 F - a ring of protection from fire
 M - the ring of the Serpent {Wiz Str+4}
   (You found it in the Desolation of Salt)

   [ring of wizardry]

   It improves your spell success rate.
   Str:       It affects your strength (+4).
 Q - the ring "Qesubom" (left hand) {Fly Will+ MP+9 Str+6}
   (You found it on level 5 of the Lair of Beasts)

   [ring of strength]

   Str:       It affects your strength (+6).
   MP:        It affects your magic capacity (+9).
   Fly:       It grants you flight.
   Will:      It increases your willpower.
 S - a ring of see invisible
 X - the ring of Loojul (right hand) {MP+9 Str+4 Int+4 Dex+2}
   (You took it off a deep elf elementalist on level 3 of the Elven Halls)

   [ring of magical power]

   Str:       It affects your strength (+4).
   Int:       It affects your intelligence (+4).
   Dex:       It affects your dexterity (+2).
   MP:        It affects your magic capacity (+9).
Wands
 A - a wand of roots (23)
 D - a wand of digging (9)
 G - a wand of polymorph (6)
 V - a wand of acid (21)
Scrolls
 g - 5 scrolls of fear
 j - a scroll of magic mapping
 r - 8 scrolls of fog
 t - 17 scrolls of teleportation
 w - 2 scrolls of silence
 B - 3 scrolls of blinking
 H - 2 scrolls of summoning
 L - a scroll of amnesia
Potions
 d - 3 potions of might
 f - 8 potions of magic
 h - 10 potions of haste
 i - a potion of invisibility
 l - 11 potions of heal wounds
 n - 8 potions of resistance
 q - 12 potions of curing
 J - 10 potions of mutation
 K - a potion of cancellation
 N - a potion of berserk rage
 T - 5 potions of brilliance
Miscellaneous
 k - a phial of floods
 u - a phantom mirror
 y - a box of beasts
 Y - a tin of tremorstones (2/2)
 Z - a condenser vane


   Skills:
 + Level 17.8 Fighting
 + Level 17.8 Short Blades
 + Level 17.8 Long Blades
 + Level 17.8 Axes
 + Level 17.8 Maces & Flails
 + Level 17.8 Polearms
 + Level 17.8 Staves
 + Level 17.8 Ranged Weapons
 + Level 17.8 Throwing
 + Level 17.8 Armour
 + Level 18.3 Dodging
 + Level 18.2 Stealth
 + Level 17.8 Shields
 + Level 17.8 Unarmed Combat
 + Level 18.4 Spellcasting
 + Level 15.3 Conjurations
 + Level 15.2 Hexes
 + Level 15.2 Summonings
 + Level 15.2 Necromancy
 + Level 15.2 Translocations
 + Level 15.2 Transmutations
 + Level 16.0 Fire Magic
 + Level 15.2 Ice Magic
 + Level 15.2 Air Magic
 + Level 15.2 Earth Magic
 + Level 15.2 Poison Magic
 + Level 19.3 Invocations
 + Level 22.4 Evocations


You had 5 spell levels left.
You knew the following spells:

 Your Spells              Type           Power      Damage    Failure   Level
a - Blink                 Tloc           100%       N/A       0%          2
b - Ignite Poison         Fire/Tmut/Pois 93%        N/A       0%          3
c - Borgnjor's Vile Clut  Necr/Erth      46%        N/A       1%          5
d - Inner Flame           Hex/Fire       93%        N/A       0%          3
e - Olgreb's Toxic Radia  Pois           92%        N/A       1%          4
f - Spellforged Servitor  Conj/Summ      46%        N/A       2%          7
g - Lehudib's Crystal Sp  Conj/Erth      46%        10d11     26%         8
h - Vhi's Electric Charg  Tloc/Air       100%       N/A       0%          3
q - Death Channel         Necr           46%        N/A       1%          6
s - Swiftness             Air            92%        N/A       0%          3
w - Haunt                 Necr/Summ      46%        N/A       3%          7
x - Irradiate             Conj/Tmut      46%        3d27      1%          5

Your spell library contained the following spells:

 Spells                   Type           Power      Damage    Failure   Level
 Beastly Appendage        Tmut           100%       N/A       0%          1
 Foxfire                  Conj/Fire      100%       2x1d9     0%          1
 Freeze                   Ice            100%       1d10      0%          1
 Magic Dart               Conj           100%       1d8       0%          1
 Slow                     Hex            100%       N/A       0%          1
 Sting                    Tmut/Pois      100%       1d8       0%          1
 Summon Small Mammal      Summ           100%       N/A       0%          1
 Cigotuvi's Dreadful Rot  Necr/Pois/Air  100%       N/A       0%          2
 Ensorcelled Hibernation  Hex/Ice        100%       N/A       0%          2
 Momentum Strike          Conj/Tloc      100%       3d10      0%          2
 Passwall                 Tmut/Erth      76%        N/A       0%          2
 Poisonous Vapours        Pois/Air       100%       N/A       0%          2
 Scorch                   Fire           100%       2d10      0%          2
 Searing Ray              Conj           100%       2d8       0%          2
 Static Discharge         Conj/Air       100%       2-7/arc   0%          2
 Sublimation of Blood     Necr           92%        N/A       0%          2
 Wereblood                Tmut           92%        N/A       0%          2
 Call Canine Familiar     Summ           92%        N/A       0%          3
 Confusing Touch          Hex            92%        N/A       0%          3
 Dazzling Flash           Conj/Hex       100%       N/A       0%          3
 Frozen Ramparts          Ice            100%       1d16      0%          3
 Gell's Gravitas          Tloc           92%        N/A       0%          3
 Hailstorm                Conj/Ice       92%        3d18      0%          3
 Kindle Blastsparks       Fire/Tloc/Air  100%       2d18      0%          3
 Lesser Beckoning         Tloc           100%       N/A       0%          3
 Portal Projectile        Hex/Tloc       100%       N/A       0%          3
 Spider Form              Tmut/Pois      92%        N/A       0%          3
 Stone Arrow              Conj/Erth      100%       3d13      0%          3
 Teleport Other           Tloc           92%        N/A       0%          3
 Tukima's Dance           Hex            92%        N/A       0%          3
 Vampiric Draining        Necr           92%        2d12      0%          3
 Anguish                  Hex/Necr       46%        N/A       1%          4
 Animate Armour           Summ/Erth      100%       N/A       1%          4
 Cause Fear               Hex            46%        N/A       1%          4
 Flame Wave               Conj/Fire      94%        2d20      1%          4
 Fulminant Prism          Conj/Hex       46%        3d21      1%          4
 Iskenderun's Mystic Bla  Conj/Tloc      92%        2d18      1%          4
 Leda's Liquefaction      Hex/Erth       46%        N/A       1%          4
 Manifold Assault         Tloc           92%        N/A       1%          4
 Passage of Golubria      Tloc           92%        N/A       1%          4
 Petrify                  Tmut/Erth      92%        N/A       1%          4
 Sticky Flame             Conj/Fire      94%        2d10      1%          4
 Summon Lightning Spire   Summ/Air       92%        N/A       1%          4
 Agony                    Necr           92%        N/A       1%          5
 Alistair's Intoxication  Tmut/Pois      61%        N/A       1%          5
 Arcjolt                  Conj/Air       46%        1d56      1%          5
 Blade Hands              Tmut           46%        N/A       1%          5
 Fireball                 Conj/Fire      47%        3d19      1%          5
 Freezing Cloud           Conj/Ice/Air   46%        6-21      1%          5
 Iskenderun's Battlesphe  Conj           93%        2d14      1%          5
 Lee's Rapid Deconstruct  Erth           46%        3d22*     1%          5
 Lightning Bolt           Conj/Air       46%        1d66      1%          5
 Metabolic Englaciation   Hex/Ice        46%        N/A       1%          5
 Silence                  Hex/Air        46%        N/A       1%          5
 Summon Forest            Summ/Tloc      46%        N/A       1%          5
 Dispersal                Tloc           46%        N/A       1%          6
 Eringya's Noxious Bog    Tmut/Pois      46%        N/A       1%          6
 Iron Shot                Conj/Erth      46%        9d9       1%          6
 Starburst                Conj/Fire      47%        6d13      1%          6
 Statue Form              Tmut/Erth      61%        N/A       1%          6
 Malign Gateway           Summ/Tloc      46%        N/A       3%          7
 Storm Form               Tmut/Air       46%        N/A       3%          7
 Summon Hydra             Summ           46%        N/A       3%          7
 Ignition                 Fire           47%        3d13      19%         8
 Discord                  Hex            46%        N/A       26%         8
 Infestation              Necr           46%        N/A       26%         8
 Maxwell's Capacitive Co  Air            46%        ∞         26%         8
 Summon Horrible Things   Summ           46%        N/A       26%         8
 Chain Lightning          Conj/Air       46%        3d61      99%         9
 Dragon's Call            Summ           46%        N/A       99%         9
 Animate Dead             Necr           Unusable   N/A       N/A         4

Dungeon Overview and Level Annotations

Branches:
Dungeon (15/15)            Temple (0/1) D:7            Lair (5/5) D:8
 Shoals (4/4) Lair:2       Spider (4/4) Lair:2        Slime (0/5) Lair:5
    Orc (2/2) D:9             Elf (3/3) Orc:2        Vaults (5/5) D:13
  Crypt (0/3) Vaults:2     Depths (4/4) D:15            Zot (5/5) Depths:4
Desolation (visited)      Gauntlet (visited)

Altars:
Elyvilon
Fedhas
Gozag
Kikubaaqudgha
Nemelex Xobeh
Okawaru
Ru
Uskayaw
Vehumet
Wu Jian
Xom
Jiyva

Shops:
D:11 (   D:13 *   Orc:2 :(*[   Shoals:4 :   Vaults:1 =   Vaults:2 ![([
Vaults:5 :   Zot:5 *   Depths:1 =::

Portals:
Hell: Depths:1 Depths:2 Depths:3 Depths:4
Abyss: Depths:2 Depths:3 Depths:4
Pandemonium: Depths:2 Depths:3
Ziggurat: Depths:2
Trove: D:14 (show abyssal rune of Zot)

Annotations:
D:4 exclusion: 3 upstairs
D:5 exclusion: 3 upstairs
D:7 exclusion: 3 upstairs
D:8 exclusion: 2 upstairs
D:9 exclusion: 2 upstairs
D:10 exclusion: 3 upstairs
D:12 exclusion: 2 upstairs
D:13 exclusion: 3 upstairs
D:14 exclusion: 3 upstairs
D:15 exclusion: 2 upstairs
Lair:4 exclusion: downstairs
Lair:5 2 runed translucent doors, ma3's ghost, journeyman DjHs
Vaults:3 Boris
Depths:2 exclusion: 2 upstairs
Depths:3 exclusion: 2 upstairs
Depths:4 6 runed translucent doors, exclusion: 2 upstairs
Zot:1 exclusion: 2 downstairs
Zot:2 exclusion: 4 upstairs
Zot:3 exclusion: 3 upstairs
Zot:4 exclusion: 2 upstairs
Zot:5 2 transporters, Gebug's ghost, legendary GrBe


Innate Abilities, Weirdness & Mutations

You have very sharp teeth.
Your uncanny sense of smell can sniff out nearby items.
Your experience applies equally to all skills.
Your spells are a little easier to cast, but a little less powerful.


Message History

There is a stone staircase leading up here.
You fly upwards.
Level annotation: exclusion: 3 upstairs
There is a stone staircase leading down here.
There is a stone staircase leading up here.
You fly upwards.
There is a stone staircase leading down here.
Your cacodemon grins greedily, jangling a coin purse.
A cacodemon and an orange demon come into view.
The orange demon screeches!
Your cacodemon moves out of view.
There is a stone staircase leading up, spattered with blood here.
You fly upwards.
Level annotation: exclusion: 3 upstairs
There is a stone staircase leading down here.
There is a stone staircase leading up here.
You fly upwards.
Level annotation: exclusion: 3 upstairs
There is a stone staircase leading down here.
An Orb Guardian comes into view.
The Orb Guardian stares, then turns away, jangling a coin purse.
You can't go up here!
There is a stone staircase leading up here.
You fly upwards.
There is a stone staircase leading down here.
There is a stone staircase leading up here.
You fly upwards.
There is a stone staircase leading down here.
Your sun demon grins greedily, jangling a coin purse. x2 2 sun demons come into view.
The sun demon stares, then turns away, jangling a coin purse.
A sun demon comes into view.
The sun demon moves out of view.
Unknown command.
You feel a bit more experienced.
There is an escape hatch in the ceiling here.
A mysterious force pulls you upwards. The hatch slams shut behind you.
There is a fountain of clear blue water here.
There is a staircase leading out of the dungeon here.
You have escaped!

#.........# #.###..##.## #..##
#.........# #.###..#### #.##
.........#####.......### #..##
###..........#####.....######.#.#
.##.##.##...............##.......
#.#.##.##..##♣♣♣.♣♣♣##..##.##.#..
##..##.....# ♣⌠♣ #...#.##.#..
##....#...♣♣♣♣♣.♣♣♣♣♣........#..
##............⌠.@.⌠......#.####..
#.#######..♣♣♣♣♣.♣♣♣♣♣..##.####.)
.## #..# ♣⌠♣ #..##.....†. ####
#..##♣♣♣.♣♣♣##..#####.... ...#
#...............# #.### ...#
###.####..........# #.#
#..####.............##### #.# #
..........##....##### #.###
#..####.###.#.#.######### #....


There were no monsters in sight!

Vanquished Creatures
  2 dread liches
  Mara (Vaults:4)
  A juggernaut (Depths:4)
  A Killer Klown (Zot:5)
  Bai Suzhen (Spider:3)
  Margery (Vaults:4)
  4 golden dragons
  Nikola (Shoals:1)
  Arachne (Spider:3)
  2 tentacled monstrosities
  Jorgrun (Spider:3)
  Zenata (Vaults:3)
  2 liches
  A walking earthen tome (Depths:1)
  Asterion (Spider:3)
  2 Orb Guardians (Zot:5)
  2 deep elf master archers (Elf:3)
  2 titans
  2 quicksilver dragons
  A kraken (Shoals:2)
  A deep elf blademaster (Elf:3)
  A death cob (Zot:2)
  4 shadow dragons
  3 sphinxes
  3 storm dragons
  Kirke (D:15)
  Roxanne (D:14)
  9 tengu reavers
  The ghost of Uhiorcha the Pyromancer, an adept DEFE of Vehumet (Elf:2)
  3 frost giants
  A draconian knight (Depths:4)
  5 fire giants
  14 vault wardens
  Louise (Shoals:1)
  2 emperor scorpions (Spider:4)
  An iron dragon (Vaults:5)
  5 deep elf sorcerers
  4 orc warlords
  25 ironbound preservers
  6 deep elf elementalists (Elf:3)
  7 ghost moths
  3 war gargoyles
  A reaper (Depths:2)
  3 broodmothers
  8 ironbound thunderhulks
  18 very ugly things
  3 deep elf demonologists (Elf:3)
  10 stone giants
  A vampire knight (Depths:3)
  A green draconian (Zot:3)
  3 white draconians
  2 black draconians
  A purple draconian (Depths:4)
  2 red draconians (Depths:4)
  3 halazid warlocks (Desolation)
  6 deep elf annihilators
  A minotaur (Gauntlet)
  4 spark wasps
  6 dire elephants
  3 yellow draconians
  3 crystal guardians (Desolation)
  Snorg (D:11)
  5 deep elf death magi
  6 entropy weavers
  9 ettins
  7 fire dragons
  9 merfolk impalers
  11 yaktaur captains
  Josephine (Shoals:1)
  6 deep elf high priests
  4 merfolk javelineers
  4 ragged hierophants (Desolation)
  5 servants of whispers (Desolation)
  7 great orbs of eyes
  The ghost of Maiprargh the Fighter, a journeyman DsIE of Vehumet (Lair:2)
  31 vault guards
  Harold (D:8)
  2 ice dragons
  2 rakshasas
  6 peacekeepers
  5 hydras
  2 ogre magi (Vaults:5)
  An alligator snapping turtle (Shoals:4)
  2 spriggan air magi
  A catoblepas (shapeshifter) (Elf:3)
  Erica (D:10)
  An anaconda (shapeshifter) (D:15)
  8 boulder beetles
  5 jorogumos
  8 ironbound frosthearts
  5 merfolk avatars
  4 merfolk aquamancers
  17 centaur warriors
  2 satyrs (Shoals:3)
  27 dancing weapons
  4 catoblepae
  4 two-headed ogres
  8 death yaks
  10 deep troll shamans
  3 hell hogs (Zot:5)
  6 tengu warriors
  7 deep troll earth magi
  23 deep elf knights
  7 orc high priests
  3 spriggan berserkers
  8 hell knights
  6 sea snakes
  3 skeletal warriors (D:14)
  Amaemon (Lair:2)
  7 pharaoh ants
  6 iron trolls
  A sun moth (Spider:4)
  66 deep trolls
  11 orb spiders
  A kraken simulacrum (Shoals:4)
  12 lindwurms
  21 ironbound convokers
  6 necromancers
  14 deep elf archers
  27 deep elf zephyrmancers
  A flayed ghost (Depths:3)
  2 orange crystal statues (Elf:3)
  A phantasmal warrior (Vaults:5)
  17 harpies
  8 wizards
  12 orc knights
  6 steelbarb worms
  6 orc sorcerers
  34 deep elf pyromancers
  2 wolf spider zombies (D:14)
  2 fauns
  19 manticores
  10 wolf spiders
  21 ugly things
  6 cyclopes
  A manticore (shapeshifter) (Vaults:5)
  9 merfolk sirens
  6 moths of wrath
  8 guardian serpents
  5 black mambas
  12 vault sentinels
  A guardian serpent (shapeshifter) (D:14)
  2 smoke demons
  5 centaur zombies (D:14)
  25 elephants
  2 molten gargoyles
  3 gargoyles
  6 torpor snails
  6 water nymphs
  A torpor snail (shapeshifter) (Vaults:3)
  An unseen horror (D:13)
  2 yaktaurs (shapeshifter)
  Psyche (D:10)
  2 orange demons
  13 cane toads
  5 kobold demonologists
  2 efreet (D:13)
  3 rime drakes
  6 demonic crawlers
  2 freezing wraiths
  A komodo dragon (shapeshifter) (Depths:3)
  35 yaktaurs
  3 komodo dragons
  6 tengu conjurers
  A redback zombie (D:14)
  2 ice devils
  3 polar bears
  10 trolls
  A hellwing (Depths:2)
  8 wind drakes
  3 meliai (Spider:1)
  2 hornets
  27 merfolk
  2 nameless horrors
  42 saltlings
  31 tarantellas
  10 snapping turtles
  9 blink frogs
  10 dream sheep
  A culicivora (shapeshifter) (Vaults:5)
  27 culicivoras
  2 wyverns
  2 ynoxinuls
  10 wraiths
  25 slime creatures
  2 air elementals
  28 jumping spiders
  3 shadows
  11 water elementals
  2 basilisks
  3 fire elementals
  60 yaks
  A human (D:15)
  44 redbacks
  A steam dragon (D:9)
  6 vampire mosquitoes (D:12)
  Menkaure (D:4)
  4 wargs
  2 acid dragons
  11 water moccasins
  3 ice beasts
  3 sky beasts
  35 orc warriors
  4 black bears
  4 ogres
  10 boggarts
  22 centaurs
  31 wolves
  2 gnoll sergeants
  12 kobold brigands
  16 bullfrogs
  5 scorpions
  2 necrophages (D:6)
  2 earth elementals
  8 wights (D:10)
  2 electric eels (Lair:2)
  4 howler monkeys
  A crimson imp (D:10)
  3 jellies
  25 orc priests
  6 hounds
  3 gnoll boudas
  Natasha (twice) (D:3)
  Terence (D:2)
  23 orc wizards
  6 iguanas
  12 hell rats
  26 gnolls
  5 adders
  5 shadow imps
  4 white imps (Gauntlet)
  4 ufetubi
  2 worms
  3 dart slugs
  68 orcs
  7 endoplasms
  6 giant cockroaches
  6 goblins
  5 hobgoblins
  4 quokkas
  3 ball pythons
  13 bats
  3 frilled lizards
  50 kobolds
  7 kobold skeletons (D:8)
  11 kobold zombies (D:8)
  7 rats
  A bush (Lair:5)
  2 tentacles (Shoals:2)
1899 creatures vanquished.

Vanquished Creatures (collateral kills)
  2 orbs of fire (Zot:5)
  A juggernaut (Depths:4)
  A curse toe (Zot:3)
  A Killer Klown (Zot:5)
  The ghost of Amamary the Conqueror, an adept HOFi of Okawaru (Elf:3)
  3 golden dragons
  An electric golem (Zot:5)
  A quicksilver dragon (Zot:5)
  An Ice Fiend (Depths:3)
  A titan (Depths:3)
  8 Orb Guardians (Zot:5)
  A death cob (Zot:5)
  3 tengu reavers
  4 shadow dragons
  A fire giant (Depths:4)
  3 storm dragons
  2 frost giants
  3 iron dragons
  A draconian knight (Depths:4)
  3 draconian scorchers (Zot:5)
  4 stone giants
  A draconian annihilator (Depths:4)
  3 very ugly things
  A spriggan defender (Depths:3)
  2 vampire knights (Depths:3)
  4 green draconians
  2 black draconians
  3 purple draconians (Depths:4)
  2 spark wasps (Depths:3)
  The ghost of Issev the Fighter, a journeyman MiFi of Ru (D:14)
  2 white draconians (Depths:4)
  A yellow draconian (Depths:4)
  An ettin (Depths:2)
  A green death (D:9)
  6 fire dragons
  A rakshasa (Depths:3)
  4 ice dragons
  A radroach (shapeshifter) (Vaults:5)
  6 deep troll shamans
  2 dancing weapons (Elf:2)
  A vampire mage (Depths:2)
  A tengu warrior (Depths:4)
  5 deep troll earth magi
  4 spriggan berserkers
  A sun demon (D:2)
  A soul eater (Depths:3)
  A hell knight (Depths:4)
  3 iron trolls
  A sixfirhy (Depths:2)
  A shadow wraith (Vaults:5)
  3 deep trolls
  2 glowing orange brains (Depths:1)
  An orc knight (Vaults:5)
  A deep elf pyromancer (Elf:2)
  9 ugly things
  A water nymph (shapeshifter) (Depths:3)
  A vault sentinel (Vaults:5)
  An orange demon (Depths:2)
  A rime drake (Zot:4)
  A tengu conjurer (Depths:4)
  2 nameless horrors
  A chaos spawn (Depths:2)
  A floating eye (shapeshifter) (Depths:3)
  An earth elemental (Elf:2)
  An orc priest (Vaults:5)
136 creatures vanquished.

Vanquished Creatures (others)
  A dread lich (Zot:5)
  An orb of fire (Zot:5)
  2 ancient liches (Zot:5)
  A Killer Klown (Zot:5)
  An electric golem (Zot:5)
  11 Orb Guardians (Zot:5)
  A tentacled monstrosity (Zot:4)
  A draconian stormcaller (Zot:5)
  A deep elf high priest (Vaults:5)
  A deep elf knight (Elf:3)
  3 sun demons (D:2)
  A moth of wrath (Zot:5)
  A water elemental (Elf:2)
  2 humans (D:15)
  A large abomination (Zot:4)
  A bullfrog (Lair:2)
  A bush (Lair:1)
  A butterfly (D:12)
  160 foxfires
  20 fungi
  63 plants
  6 tentacles (Shoals:2)
  5 withered plants
286 creatures vanquished.

Grand Total: 2321 creatures vanquished

Notes
Turn   | Place    | Note
-------+----------+-------------------------------------------
     0 | D:1      | mrw0lf the Gnoll Fire Elementalist began the quest for the
                  | Orb.
     0 | D:1      | Reached XP level 1. HP: 13/13 MP: 6/6
    58 | D:1      | Reached XP level 2. HP: 15/20 MP: 4/7
   337 | D:1      | Reached skill level 5 in Spellcasting
   337 | D:1      | Reached XP level 3. HP: 25/25 MP: 7/9
   586 | D:1      | Reached skill level 1 in Invocations
   818 | D:1      | Found a faded altar of an unknown god.
  1069 | D:2      | Reached skill level 1 in Fighting
  1069 | D:2      | Reached skill level 1 in Short Blades
  1069 | D:2      | Reached skill level 1 in Long Blades
  1069 | D:2      | Reached skill level 1 in Axes
  1069 | D:2      | Reached skill level 1 in Maces & Flails
  1069 | D:2      | Reached skill level 1 in Polearms
  1069 | D:2      | Reached skill level 1 in Staves
  1069 | D:2      | Reached skill level 1 in Ranged Weapons
  1069 | D:2      | Reached skill level 1 in Throwing
  1069 | D:2      | Reached skill level 1 in Armour
  1069 | D:2      | Reached skill level 1 in Shields
  1069 | D:2      | Reached skill level 1 in Unarmed Combat
  1069 | D:2      | Reached skill level 1 in Evocations
  1204 | D:2      | Reached XP level 4. HP: 32/32 MP: 6/11
  1670 | D:2      | Noticed Terence
  1862 | D:2      | Learned a level 2 spell: Scorch
  2311 | D:3      | Reached skill level 1 in Hexes
  2311 | D:3      | Reached skill level 1 in Summonings
  2311 | D:3      | Reached skill level 1 in Necromancy
  2311 | D:3      | Reached skill level 1 in Translocations
  2311 | D:3      | Reached skill level 1 in Transmutations
  2311 | D:3      | Reached skill level 1 in Ice Magic
  2311 | D:3      | Reached skill level 1 in Air Magic
  2311 | D:3      | Reached skill level 1 in Earth Magic
  2311 | D:3      | Reached skill level 1 in Poison Magic
  2362 | D:3      | Noticed Natasha
  2365 | D:3      | Killed Natasha
  2450 | D:3      | Noticed Natasha
  2455 | D:3      | Reached XP level 5. HP: 22/37 MP: 7/12
  2455 | D:3      | Killed Natasha
  2991 | D:4      | Found an ornate altar of the Wu Jian Council.
  3366 | D:4      | Noticed Menkaure
  3373 | D:4      | Killed Menkaure
  3374 | D:4      | Reached skill level 5 in Dodging
  3374 | D:4      | Reached skill level 2 in Evocations
  3374 | D:4      | Reached XP level 6. HP: 25/44 MP: 4/14
  3772 | D:4      | Reached XP level 7. HP: 49/51 MP: 8/15
  3977 | D:5      | Entered Level 5 of the Dungeon
  4100 | D:5      | Found an iron altar of Okawaru.
  4323 | D:5      | Reached skill level 5 in Stealth
  5265 | D:5      | Reached skill level 3 in Evocations
  5265 | D:5      | Reached XP level 8. HP: 50/58 MP: 3/16
  5413 | D:6      | Found an opulent altar of Gozag.
  5421 | D:6      | Became a worshipper of Gozag Ym Sagoz the Greedy
  5700 | D:2      | Killed Terence
  6070 | D:6      | You fall into a shaft and drop 1 floor!
  6127 | D:6      | Found a sand-covered staircase.
  6558 | D:6      | Reached XP level 9. HP: 65/65 MP: 10/18
  6729 | D:6      | Reached skill level 4 in Evocations
  7267 | D:7      | Identified the +2 leather armour "Poah" {Dex+7}
  7430 | D:7      | Identified the +4 sling of the Revolution {flame, Str+5}
  7553 | D:7      | Learned a level 3 spell: Inner Flame
  7612 | D:7      | Found a staircase to the Ecumenical Temple.
  7887 | D:7      | Reached skill level 5 in Invocations
  8264 | D:7      | Identified the +6 chain mail of Yprap {Slay+2}
  8473 | D:7      | Found a hide-covered altar of Uskayaw.
  8477 | D:7      | Found a sacrificial altar of Ru.
  8482 | D:7      | Found a sparkling altar of Nemelex Xobeh.
  9147 | D:8      | Noticed a troll
  9276 | D:8      | Reached skill level 5 in Fighting
  9276 | D:8      | Reached skill level 5 in Short Blades
  9276 | D:8      | Reached skill level 5 in Long Blades
  9276 | D:8      | Reached skill level 5 in Axes
  9276 | D:8      | Reached skill level 5 in Maces & Flails
  9276 | D:8      | Reached skill level 5 in Polearms
  9276 | D:8      | Reached skill level 5 in Staves
  9276 | D:8      | Reached skill level 5 in Ranged Weapons
  9276 | D:8      | Reached skill level 5 in Throwing
  9276 | D:8      | Reached skill level 5 in Armour
  9276 | D:8      | Reached skill level 5 in Shields
  9276 | D:8      | Reached skill level 5 in Unarmed Combat
  9276 | D:8      | Reached skill level 5 in Evocations
  9276 | D:8      | Reached XP level 10. HP: 64/74 MP: 20/20
  9420 | D:8      | Found the +5 robe of Misfortune {Harm *Corrode *Slow EV+5}
  9477 | D:8      | Identified the +1 chain mail of the Leaf {Regen+ Slay+6}
  9483 | D:8      | Noticed a lindwurm
  9528 | D:8      | Killed a lindwurm
  9582 | D:8      | Noticed a lindwurm
  9621 | D:8      | Noticed a lindwurm
  9623 | D:8      | Noticed a lindwurm
  9742 | D:8      | Killed a lindwurm
  9743 | D:8      | Reached skill level 5 in Conjurations
  9758 | D:8      | Killed a lindwurm
  9793 | D:8      | Killed a lindwurm
 10189 | D:8      | Found a staircase to the Lair.
 10358 | D:8      | Noticed a kobold demonologist
 10681 | D:8      | Noticed an orange demon
 10693 | D:8      | Killed a kobold demonologist
 10694 | D:8      | Reached skill level 5 in Hexes
 10694 | D:8      | Reached skill level 5 in Summonings
 10694 | D:8      | Reached skill level 5 in Necromancy
 10694 | D:8      | Reached skill level 5 in Translocations
 10694 | D:8      | Reached skill level 5 in Transmutations
 10694 | D:8      | Reached skill level 5 in Ice Magic
 10694 | D:8      | Reached skill level 5 in Air Magic
 10694 | D:8      | Reached skill level 5 in Earth Magic
 10694 | D:8      | Reached skill level 5 in Poison Magic
 10694 | D:8      | Reached skill level 6 in Evocations
 10829 | D:8      | Reached XP level 11. HP: 74/81 MP: 22/22
 10921 | D:8      | Found an ancient bone altar of Kikubaaqudgha.
 11006 | D:9      | Found a staircase to the Orcish Mines.
 11304 | D:9      | Identified the +7 war axe of the Hidden Hosts {freeze,
                  | Str+9 Int-4}
 12339 | D:10     | Entered Level 10 of the Dungeon
 12622 | D:10     | Noticed Psyche
 12627 | D:10     | Killed Psyche
 12687 | D:10     | Noticed a two-headed ogre
 12911 | D:10     | Killed a two-headed ogre
 13369 | D:10     | Noticed a two-headed ogre
 13372 | D:10     | Killed a two-headed ogre
 13899 | D:10     | Noticed a wizard
 13899 | D:10     | Noticed Erica
 14030 | D:11     | Noticed a catoblepas
 14043 | D:11     | Killed a catoblepas
 14142 | D:11     | Noticed a two-headed ogre
 14148 | D:11     | Killed a two-headed ogre
 14194 | D:11     | Noticed a green ugly thing
 14203 | D:11     | Killed a green ugly thing
 14711 | D:11     | Reached skill level 7 in Evocations
 14711 | D:11     | Noticed Snorg
 15063 | D:11     | Killed Snorg
 15064 | D:11     | Reached XP level 12. HP: 91/91 MP: 18/24
 15444 | D:11     | Found Fanuj's Weapon Shop.
 15449 | D:11     | Bought 2 throwing nets for 84 gold pieces
 15626 | Lair:1   | Entered Level 1 of the Lair of Beasts
 15626 | Lair:1   | Noticed Harold
 15801 | D:8      | Killed Harold
 17514 | Lair:2   | Found a runed translucent gate.
 17515 | Lair:2   | Found a runed translucent gate.
 17515 | Lair:2   | Found a runed translucent gate.
 17515 | Lair:2   | Noticed Maiprargh's ghost (journeyman DsIE)
 18610 | Lair:2   | Reached skill level 8 in Evocations
 18982 | Lair:2   | Learned a level 3 spell: Ignite Poison
 19227 | Lair:2   | Found a hole to the Spider Nest.
 19269 | Lair:2   | Reached XP level 13. HP: 98/98 MP: 26/26
 19644 | Lair:2   | Found a staircase to the Shoals.
 19816 | Lair:2   | Noticed Amaemon
 19866 | Lair:2   | Killed Amaemon
 21195 | Lair:3   | Reached skill level 10 in Spellcasting
 21653 | Lair:3   | Reached skill level 10 in Dodging
 22167 | Lair:3   | Reached skill level 9 in Evocations
 22528 | Lair:4   | Reached skill level 10 in Stealth
 23160 | Lair:4   | Reached XP level 14. HP: 108/108 MP: 21/28
 23164 | Lair:4   | Reached skill level 10 in Invocations
 24588 | Lair:5   | Entered Level 5 of the Lair of Beasts
 24638 | Lair:5   | Found a runed translucent door.
 24638 | Lair:5   | Found a shimmering altar of Xom.
 24638 | Lair:5   | Noticed ma3's ghost (journeyman DjHs)
 24923 | Lair:5   | Found a runed translucent door.
 24923 | Lair:5   | Found a viscous altar of Jiyva.
 24923 | Lair:5   | Noticed an acid blob
 24924 | Lair:5   | Found a staircase to the Slime Pits.
 24924 | Lair:5   | Noticed an acid blob
 25942 | Lair:5   | Noticed a dire elephant
 25976 | Lair:5   | Killed a dire elephant
 26217 | Lair:5   | Identified the ring "Qesubom" {Fly Will+ MP+9 Str+6}
 26641 | D:8      | Learned a level 2 spell: Blink
 26731 | D:12     | Reached skill level 10 in Fire Magic
 27200 | D:12     | Upgraded the game from 0.30-a0-578-gdee14c521f to
                  | 0.30-a0-585-g93115170b9
 27246 | D:12     | Found a white marble altar of Elyvilon.
 27410 | D:12     | Reached skill level 10 in Fighting
 27410 | D:12     | Reached skill level 10 in Short Blades
 27410 | D:12     | Reached skill level 10 in Long Blades
 27410 | D:12     | Reached skill level 10 in Axes
 27410 | D:12     | Reached skill level 10 in Maces & Flails
 27410 | D:12     | Reached skill level 10 in Polearms
 27410 | D:12     | Reached skill level 10 in Staves
 27410 | D:12     | Reached skill level 10 in Ranged Weapons
 27410 | D:12     | Reached skill level 10 in Throwing
 27410 | D:12     | Reached skill level 10 in Armour
 27410 | D:12     | Reached skill level 10 in Shields
 27410 | D:12     | Reached skill level 10 in Unarmed Combat
 27410 | D:12     | Reached skill level 10 in Evocations
 27945 | Orc:1    | Entered Level 1 of the Orcish Mines
 27945 | Orc:1    | Found a radiant altar of Vehumet.
 28134 | Orc:2    | Entered Level 2 of the Orcish Mines
 28363 | Orc:2    | Found a staircase to the Elven Halls.
 28442 | Orc:2    | Reached XP level 15. HP: 115/115 MP: 30/30
 29038 | Orc:2    | Noticed an orc warlord
 29053 | Orc:2    | Killed an orc warlord
 29881 | Orc:2    | Found Otutey's Antique Armour Emporium.
 29882 | Orc:2    | Found Amelas's Antique Weapon Emporium.
 29884 | Orc:2    | Found Loicurch's General Store.
 29884 | Orc:2    | Found Paabuh's Book Shoppe.
 29889 | Orc:2    | Bought a potion of haste for 130 gold pieces
 29889 | Orc:2    | Bought a scroll of teleportation for 39 gold pieces
 29899 | Orc:2    | Bought a glowing buckler for 232 gold pieces
 30947 | Orc:2    | Bought a manual of Evocations for 1200 gold pieces
 31475 | D:13     | Found Efajan's CLEARANCE SALE!.
 31601 | D:13     | Bought a scroll of identify for 6 gold pieces
 31601 | D:13     | Bought a scroll of fog for 12 gold pieces
 31905 | D:13     | Found a gate to the Vaults.
 32709 | D:14     | Found a runed translucent door.
 32712 | D:14     | Noticed Issev's ghost (journeyman MiFi)
 32740 | D:14     | Found a gate leading to a gauntlet.
 32749 | Gauntlet | Entered a Gauntlet
 32749 | Gauntlet | Found a transporter.
 32749 | Gauntlet | Found a transporter.
 32762 | Gauntlet | Found a transporter.
 32780 | Gauntlet | Found a transporter.
 32780 | Gauntlet | Found a transporter.
 32780 | Gauntlet | Found a transporter.
 32783 | Gauntlet | Found a transporter.
 32783 | Gauntlet | Found a transporter.
 32791 | Gauntlet | Found a runed translucent door.
 32791 | Gauntlet | Found a runed translucent door.
 32795 | Gauntlet | Found a transporter.
 32813 | Gauntlet | Found a transporter.
 32823 | Gauntlet | Found a transporter.
 32838 | Gauntlet | Found a transporter.
 32854 | Gauntlet | Found the ring of the Tortoise {AC+8}
 32859 | Gauntlet | Found a transporter.
 32866 | Gauntlet | Found a runed translucent gate.
 32866 | Gauntlet | Found a runed translucent gate.
 32866 | Gauntlet | Found a runed translucent gate.
 32872 | Gauntlet | Found a transporter.
 33078 | Gauntlet | Reached skill level 11 in Evocations
 33099 | Gauntlet | Identified the +5 helmet of Courage {+Blink Regen+ Str-3
                  | Int+8}
 33267 | Gauntlet | Identified the +4 ring mail of Least Resistance {rElec
                  | SInv}
 33462 | D:14     | Learned a level 4 spell: Olgreb's Toxic Radiance
 33518 | D:14     | Identified Roxanne's Quarto of the Geologist
 33518 | D:14     | Noticed Roxanne
 33843 | D:14     | Reached XP level 16. HP: 124/124 MP: 32/32
 34733 | D:14     | Found a portal to a secret trove of treasure.
 34825 | D:14     | Killed Roxanne
 34907 | D:15     | Entered Level 15 of the Dungeon
 34907 | D:15     | Noticed Kirke
 34930 | D:15     | Found Uforepenn's Antique Weapon Boutique.
 35073 | D:15     | Killed Kirke
 35411 | D:15     | Found a staircase to the Depths.
 35575 | D:15     | Reached skill level 12 in Evocations
 36449 | Spider:1 | Entered Level 1 of the Spider Nest
 37499 | Spider:1 | Reached skill level 10 in Conjurations
 38943 | Spider:2 | Reached XP level 17. HP: 133/133 MP: 33/33
 39263 | Spider:2 | Reached skill level 10 in Hexes
 39263 | Spider:2 | Reached skill level 10 in Summonings
 39263 | Spider:2 | Reached skill level 10 in Necromancy
 39263 | Spider:2 | Reached skill level 10 in Translocations
 39263 | Spider:2 | Reached skill level 10 in Transmutations
 39263 | Spider:2 | Reached skill level 10 in Ice Magic
 39263 | Spider:2 | Reached skill level 10 in Air Magic
 39263 | Spider:2 | Reached skill level 10 in Earth Magic
 39263 | Spider:2 | Reached skill level 10 in Poison Magic
 39328 | Spider:2 | Reached skill level 13 in Evocations
 39680 | Spider:3 | Noticed Bai Suzhen
 39702 | Spider:3 | Noticed Arachne
 39734 | Spider:3 | Killed Arachne
 40141 | D:15     | Reached XP level 18. HP: 140/140 MP: 35/35
 40149 | D:15     | Learned a level 6 spell: Statue Form
 40697 | Spider:3 | Killed Bai Suzhen
 41592 | Spider:3 | Identified the +6 broad axe of Compulsion {heavy, Dex+4}
 42056 | Spider:3 | Noticed Asterion
 42126 | Spider:3 | Noticed Jorgrun
 42156 | Spider:3 | Killed Jorgrun
 42475 | Spider:3 | Killed Asterion
 42740 | Spider:4 | Entered Level 4 of the Spider Nest
 43701 | Spider:4 | Reached skill level 14 in Evocations
 44070 | Spider:4 | Got a gossamer rune of Zot
 45440 | Shoals:1 | Entered Level 1 of the Shoals
 45515 | Shoals:1 | Noticed Louise
 45528 | Shoals:1 | Killed Louise
 45952 | Shoals:1 | Reached XP level 19. HP: 148/148 MP: 33/36
 46291 | Shoals:1 | Identified the +6 flail of Execution {flame, Drain rPois
                  | Int+4}
 46407 | Shoals:1 | Identified the +2 pair of gloves "Xeit" {rF- Will+++ rCorr
                  | SInv}
 46407 | Shoals:1 | Noticed Nikola
 46407 | Shoals:1 | Noticed Josephine
 46427 | Shoals:1 | Killed Nikola
 46443 | Shoals:1 | Killed Josephine
 48454 | Shoals:2 | Reached skill level 15 in Evocations
 50319 | Shoals:4 | Entered Level 4 of the Shoals
 51576 | Shoals:4 | Identified the +2 pair of gloves of Decompression {Regen+}
 51586 | Shoals:4 | Found Timnih's Book Boutique.
 51594 | Shoals:4 | Bought a Fen Folio for 672 gold pieces
 51594 | Shoals:4 | Bought a book of Burglary for 320 gold pieces
 51919 | Shoals:4 | Got Sif Muna's Reference Book on Weather
 52023 | Shoals:4 | Got a barnacled rune of Zot
 52278 | Shoals:4 | Learned a level 3 spell: Swiftness
 52861 | Elf:1    | Entered Level 1 of the Elven Halls
 53073 | Orc:2    | Bought a book of Alchemy for 420 gold pieces
 53115 | Orc:2    | Learned a level 5 spell: Irradiate
 53229 | Elf:1    | Reached XP level 20. HP: 95/157 MP: 36/38
 53789 | Elf:1    | Reached skill level 16 in Evocations
 53982 | Elf:1    | Identified a scroll of acquirement
 54417 | Elf:2    | Noticed Uhiorcha's ghost (adept DEFE)
 54804 | Elf:2    | Found a runed translucent gate.
 54804 | Elf:2    | Found a runed translucent gate.
 54804 | Elf:2    | Found a runed translucent gate.
 54839 | Elf:2    | Found a transporter.
 54844 | Elf:2    | Found a transporter.
 55155 | Elf:2    | Reached skill level 15 in Invocations
 56112 | Elf:3    | Entered Level 3 of the Elven Halls
 56323 | Elf:3    | Found a runed translucent door.
 56508 | Elf:3    | Noticed Amamary's ghost (adept HOFi)
 57162 | D:15     | Acquired the +2 pair of boots of the King of the Hill
                  | {Int+4}
 57756 | Elf:3    | Noticed a Tzitzimitl
 58084 | Elf:3    | Paralysed by an air elemental for 1 turns
 58087 | Elf:3    | Paralysed by an air elemental for 1 turns
 58323 | Elf:3    | Identified the +2 steam dragon scales of Untold Secrets
                  | {Will+ rCorr}
 58323 | Elf:3    | Identified the ring "Naokuqoz" {Ice rN++}
 58330 | Elf:3    | Reached skill level 17 in Evocations
 58392 | Elf:3    | Identified the ring of Loojul {MP+9 Str+4 Int+4 Dex+2}
 58395 | Elf:3    | Reached skill level 15 in Spellcasting
 58403 | Elf:3    | Identified the ring "Gits" {Int+6 Dex+3}
 58428 | Elf:3    | Identified the +3 leather armour "Rophofas" {-Tele rC+ rN++
                  | Slay+3}
 58428 | Elf:3    | Identified the ring "Megh" {Will+ rCorr Int-5 Stlth+}
 58430 | Elf:3    | Identified the +8 war axe "Killer Bee's Death" {heavy, rC-
                  | SInv Stlth+}
 58439 | Elf:3    | Reached XP level 21. HP: 165/165 MP: 36/40
 59843 | Elf:3    | Identified the +8 war axe of Dismay {heavy, rPois Int+3
                  | Dex+4}
 60219 | Elf:3    | Reached skill level 15 in Dodging
 60665 | D:15     | Acquired the +2 cloak of the Thief {*Fog Slay-2 SInv
                  | Stlth+}
 60665 | D:15     | Found the +2 cloak of the Thief {*Fog Slay-2 SInv Stlth+}
 61338 | Vaults:1 | Entered Level 1 of the Vaults
 61338 | Vaults:1 | Found Duek's Jewellery Emporium.
 61346 | Vaults:1 | Learned a level 6 spell: Eringya's Noxious Bog
 61349 | Vaults:1 | Bought the amulet "Uxagoups" {Faith rPois rF+ Will+++ MP-9}
                  | for 1346 gold pieces
 61534 | Vaults:1 | Found a crumbling gateway.
 61557 | Desolati | Entered the Desolation of Salt
 61718 | Desolati | Reached skill level 15 in Stealth
 61840 | Desolati | Identified the ring of Xacowu {rC+ rN+ Stlth+}
 61851 | Desolati | Got the Grimoire of Adjuration
 61852 | Desolati | Identified the +1 plate armour of Yxups {Rampage rCorr
                  | Dex+5}
 62256 | Desolati | Identified the ring of the Serpent {Wiz Str+4}
 62259 | Desolati | Identified the ring "Qyecinus" {AC+4 Dex+4}
 62328 | Desolati | Identified the +2 chain mail of the Cartwright {Str+3}
 63532 | Vaults:1 | Reached skill level 18 in Evocations
 64490 | Vaults:2 | Identified the +6 executioner's axe of Ash {heavy, rPois}
 64537 | Vaults:2 | Found a staircase to the Crypt.
 64631 | Vaults:2 | Found Gukyzobo's Antique Weapon Emporium.
 64640 | Vaults:2 | Bought a transparent rapier for 252 gold pieces
 64640 | Vaults:2 | Identified the +4 rapier "Haimamot" {freeze, *Rage rPois
                  | rC+ Will++} (You bought it in a shop on level 2 of the
                  | Vaults)
 65074 | Vaults:2 | Reached XP level 22. HP: 174/174 MP: 39/41
 65211 | Vaults:2 | Reached skill level 15 in Fighting
 65211 | Vaults:2 | Reached skill level 15 in Short Blades
 65211 | Vaults:2 | Reached skill level 15 in Long Blades
 65211 | Vaults:2 | Reached skill level 15 in Axes
 65211 | Vaults:2 | Reached skill level 15 in Maces & Flails
 65211 | Vaults:2 | Reached skill level 15 in Polearms
 65211 | Vaults:2 | Reached skill level 15 in Staves
 65211 | Vaults:2 | Reached skill level 15 in Ranged Weapons
 65211 | Vaults:2 | Reached skill level 15 in Throwing
 65211 | Vaults:2 | Reached skill level 15 in Armour
 65211 | Vaults:2 | Reached skill level 15 in Shields
 65211 | Vaults:2 | Reached skill level 15 in Unarmed Combat
 65992 | Vaults:2 | Found Qiruntai's Armour Boutique.
 65997 | Vaults:2 | Bought a +0 pair of gloves of hurling for 172 gold pieces
 66232 | Vaults:2 | Found Filavvuj's Distillery.
 66237 | Vaults:2 | Bought a potion of resistance for 170 gold pieces
 66237 | Vaults:2 | Bought a potion of mutation for 136 gold pieces
 66237 | Vaults:2 | Bought a potion of haste for 170 gold pieces
 66237 | Vaults:2 | Bought a potion of magic for 136 gold pieces
 66237 | Vaults:2 | Bought a potion of mutation for 136 gold pieces
 66237 | Vaults:2 | Bought a potion of curing for 51 gold pieces
 66305 | Vaults:2 | Found Goofesm's Antique Armour Shoppe.
 66312 | Vaults:2 | Bought a glowing robe for 166 gold pieces
 66800 | Vaults:3 | Noticed Boris
 67584 | Vaults:3 | Reached skill level 19 in Evocations
 67588 | Vaults:3 | Noticed Zenata
 67606 | Vaults:3 | Killed Zenata
 67919 | Vaults:4 | Noticed Margery
 67925 | Vaults:4 | Killed Margery
 68522 | Vaults:4 | Reached XP level 23. HP: 182/182 MP: 42/43
 68873 | Vaults:4 | Noticed Mara
 68894 | Vaults:4 | Noticed mrw0lf's illusion
 68898 | Vaults:4 | Killed Mara
 69535 | Vaults:4 | Identified the +7 plate armour "Paja" {+Blink}
 70315 | Vaults:4 | Learned a level 3 spell: Vhi's Electric Charge
 70318 | Vaults:5 | Entered Level 5 of the Vaults
 70456 | Vaults:5 | Noticed a golden dragon
 70462 | Vaults:5 | Noticed a dread lich
 70463 | Vaults:5 | Killed a golden dragon
 70489 | Vaults:5 | Noticed a golden dragon
 70500 | Vaults:5 | Killed a golden dragon
 70509 | Vaults:5 | Identified the +0 war axe of Pigoff {venom, rN+ rCorr
                  | Stlth+}
 70510 | Vaults:5 | Identified the +7 sling of Psychosis {drain, rPois rN+++
                  | Str-2 Stlth+}
 70512 | Vaults:5 | Identified the +1 pearl dragon scales of Failure {rN+
                  | Int+5}
 70527 | Vaults:5 | Reached skill level 20 in Evocations
 70576 | Vaults:5 | Got Sif Muna's Annotations on the Blizzard and Energy
 70942 | Vaults:5 | Killed a dread lich
 71112 | Vaults:5 | Got the Notes on Lightning
 71212 | Vaults:5 | Identified the +6 sling "Yxti" {flame, MP+9}
 71277 | Vaults:5 | Reached XP level 24. HP: 185/192 MP: 25/44
 71437 | Vaults:5 | Found Geawnues's Book Shoppe.
 71445 | Vaults:5 | Bought the Guide on Deathly Coordinates for 798 gold pieces
 71445 | Vaults:5 | Bought a book of Death for 836 gold pieces
 71453 | Vaults:5 | Learned a level 7 spell: Haunt
 71460 | Vaults:5 | Learned a level 6 spell: Death Channel
 72135 | Vaults:5 | Identified the +6 long sword "Uxyaneaborr" {flame, rN+}
 72392 | Vaults:5 | Got a silver rune of Zot
 72697 | Vaults:5 | Identified the +5 longbow of the Turnip {elec, Int+3}
 72702 | Vaults:5 | Reached skill level 15 in Fire Magic
 73157 | Vaults:1 | Bought a ring of resist corrosion for 400 gold pieces
 73227 | Depths:1 | Entered Level 1 of the Depths
 73451 | Depths:1 | Found a gateway to Hell.
 74605 | Depths:1 | Found Omoeppuq's Jewellery Emporium.
 74605 | Depths:1 | Found Humeuri's Book Boutique.
 74606 | Depths:1 | Found Nixeuj's Book Boutique.
 74616 | Depths:1 | Bought Great Wizards, Vol. II for 684 gold pieces
 74616 | Depths:1 | Bought a book of Power for 756 gold pieces
 74708 | D:15     | Learned a level 5 spell: Borgnjor's Vile Clutch
 74721 | D:15     | Learned a level 8 spell: Lehudib's Crystal Spear
 74729 | D:15     | Learned a level 7 spell: Spellforged Servitor
 74766 | Depths:2 | Found a sparkling altar of Nemelex Xobeh.
 74923 | Depths:2 | Reached skill level 21 in Evocations
 75277 | Depths:2 | Found a one-way gate to the infinite horrors of the Abyss.
 75572 | Depths:2 | Found a one-way gateway to a ziggurat.
 75680 | Depths:3 | You are sucked into a shaft and drop 1 floor!
 75680 | Depths:4 | Entered Level 4 of the Depths
 75680 | Depths:4 | Noticed a juggernaut
 75685 | Depths:4 | Killed a juggernaut
 75992 | Depths:3 | Found a blossoming altar of Fedhas.
 76528 | Depths:3 | Reached XP level 25. HP: 201/201 MP: 44/44
 76567 | Depths:3 | Found a blossoming altar of Fedhas.
 77074 | Depths:3 | Found a one-way gate leading to the halls of Pandemonium.
 77674 | Depths:4 | Found a sacrificial altar of Ru.
 77769 | Depths:4 | Noticed a juggernaut
 77779 | Depths:4 | Killed a juggernaut
 78733 | Depths:4 | Found a runed translucent door.
 78753 | Depths:4 | Found a runed translucent door.
 78759 | Depths:4 | Found a runed translucent door.
 78759 | Depths:4 | Found a runed translucent door.
 78849 | Depths:4 | Found a runed translucent door.
 78856 | Depths:4 | Found a runed translucent door.
 79219 | Depths:4 | Found a gate to the Realm of Zot.
 79878 | D:10     | Killed Erica
 80047 | Lair:2   | Killed Maiprargh's ghost
 80256 | D:14     | Killed Issev's ghost
 80257 | D:14     | Reached skill level 15 in Conjurations
 80707 | Elf:2    | Killed Uhiorcha's ghost
 80869 | Elf:3    | Killed Amamary's ghost
 80878 | Elf:3    | Identified the +1 robe "Poorumari" {rC+ Int+2}
 81297 | Zot:1    | Entered Level 1 of the Realm of Zot
 82929 | Zot:2    | Reached skill level 22 in Evocations
 83488 | Zot:5    | Entered Level 5 of the Realm of Zot
 83493 | Zot:5    | Found Unifon's Changing Room.
 83517 | Zot:5    | Bought a potion of mutation for 176 gold pieces
 83517 | Zot:5    | Bought a potion of mutation for 176 gold pieces
 83517 | Zot:5    | Bought 2 potions of mutation for 352 gold pieces
 83557 | Zot:5    | Found a transporter.
 83559 | Zot:5    | Noticed Gebug's ghost (legendary GrBe)
 83590 | Zot:5    | Noticed an ancient lich
 83593 | Zot:5    | Found a transporter.
 83596 | Zot:5    | Noticed a Killer Klown
 83601 | Zot:5    | Killed an ancient lich
 83606 | Zot:5    | Killed a Killer Klown
 83623 | Zot:5    | Reached skill level 15 in Hexes
 83623 | Zot:5    | Reached skill level 15 in Summonings
 83623 | Zot:5    | Reached skill level 15 in Necromancy
 83623 | Zot:5    | Reached skill level 15 in Translocations
 83623 | Zot:5    | Reached skill level 15 in Transmutations
 83623 | Zot:5    | Reached skill level 15 in Ice Magic
 83623 | Zot:5    | Reached skill level 15 in Air Magic
 83623 | Zot:5    | Reached skill level 15 in Earth Magic
 83623 | Zot:5    | Reached skill level 15 in Poison Magic
 83920 | Zot:5    | Noticed a dread lich
 84106 | Zot:5    | Noticed an orb of fire
 84108 | Zot:5    | Noticed a Killer Klown
 84109 | Zot:5    | Noticed an orb of fire
 84116 | Zot:5    | Noticed an orb of fire
 84117 | Zot:5    | Noticed a dread lich
 84118 | Zot:5    | Noticed a Killer Klown
 84119 | Zot:5    | Gained mutation: Your spells are a little easier to cast,
                  | but a little less powerful. [an orb of fire]
 84119 | Zot:5    | Killed a Killer Klown
 84120 | Zot:5    | Noticed an ancient lich
 84121 | Zot:5    | Killed an orb of fire
 84134 | Zot:5    | Noticed a dread lich
 84134 | Zot:5    | Killed a dread lich
 84141 | Zot:5    | Killed an orb of fire
 84149 | Zot:5    | Reached XP level 26. HP: 150/210 MP: 22/45
 84149 | Zot:5    | Killed a Killer Klown
 84151 | Zot:5    | Killed a dread lich
 84194 | Zot:5    | Noticed a Killer Klown
 84233 | Zot:5    | Noticed an orb of fire
 84444 | Zot:5    | Got the Orb of Zot
 85032 | D:$      | Escaped with the Orb!

Illustrated notes

Levels and vault maps discovered:
D:1:      scummos_arrival_forest, layout_loops_cross,
          shapermc_ecumenical_altar_mp_vishouse
D:2:      minmay_spotlight, layout_basic, minmay_liquid_box, uniq_terence
D:3:      layout_basic, dk_noncrumbling_2, uniq_natasha
D:4:      layout_basic, mainiacjoe_overflow_six_doors_small, st_stairs_1,
          minmay_crystal_room, uniq_menkaure
D:5:      layout_loops_ring, okawaru_metal_pillars_3, kennysheep_generic_room_2
D:6:      layout_rooms, grunt_gozag_statues, enter_ossuary_5,
          minmay_joined_circles
D:7:      black_bear_nest_1, layout_loops_ring, grunt_temple_overflow_diamond,
          minmay_temple_entry_crystal_x
D:8:      wander_kiku_kobolds, layout_basic, erik_lair_island,
          minmay_lindwurm_lava
D:9:      layout_gridville, david_orc_2
D:10:     layout_gridville, lightli_wizard_tower, uniq_erica, uniq_psyche
D:11:     layout_irregular_city, serial_shops, kennysheep_little_box,
          kennysheep_another_room, uniq_snorg
D:12:     layout_loops_ring, nicolae_elyvilon_peaceful_grove
D:13:     layout_basic, skrybe_vaults_entry_preservation,
          small_chamber_with_monster, nicolae_shop_clearance
D:14:     layout_layer_cave, gauntlet_entry_generic,
          chequers_serial_rivers_small_b, enter_trove_5,
          ebering_ghost_inner_flame, serial_undead, serial_undead_f,
          serial_undead_e, serial_undead_d, serial_undead_d, serial_undead_f,
          uniq_roxanne
D:15:     grunt_enter_depths_snipers, layout_cross, grunt_decor_clamped,
          serial_shops, nicolae_shop_stone, uniq_kirke
Lair:1:   layout_loops_ring, portal_ice_cave_rime, grunt_megastairs_4,
          uniq_harold
Lair:2:   dreamdust_cave_troll, layout_cave_pods, minmay_shoals_entry_beasts,
          spider_nest_entry_funnel_web, ebering_ghost_rock_garden,
          serial_bayou_shore_a, uniq_amaemon
Lair:3:   layout_long_grid
Lair:4:   layout_cave_pods
Lair:5:   grunt_lair_end_beastmaster, layout_cellular_growth, slime_entry_2,
          ebering_ghost_xom, serial_bayou_shore_b
Shoals:1: layout_shoals, st_sunken_huts, uniq_louise, uniq_josephine,
          uniq_nikola
Shoals:2: layout_shoals
Shoals:3: layout_shoals, nicolae_shoals_songs
Shoals:4: shoals_end_grunt_ice, layout_shoals, serial_shops,
          nicolae_lakefront_shop
Spider:1: layout_spider_delve, hellmonk_narrow_tunnel
Spider:2: layout_spider_delve
Spider:3: layout_chambers, uniq_bai_suzhen, uniq_arachne, uniq_jorgrun,
          uniq_asterion
Spider:4: johnstein_spider_rune_arachne_lair
Orc:1:    layout_diamond_mine, basic_altar, roderic_batcave,
          guppyfry_orc_lava_fort
Orc:2:    st_orc_congregation, layout_caves, kennysheep_orc_chapel
Elf:1:    layout_loops_ring, evilmike_minifort
Elf:2:    elven_hall_of_blades_hangedman_original
          [nicolae_blade_entry_sentries_behind_glass], layout_loops_ring,
          gammafunk_ghost_arena, grunt_ministairs_8
Elf:3:    minmay_elf_hall_curves, layout_loops_ring,
          ebering_ghost_reflecting_pool, st_stairs_3, david_greed
Vaults:1: portal_desolation_entry_salt, nicolae_vaults_yaktaur_gun_rack,
          vaults_room_pools, vaults_room_grunt_arrival_ludios, v_misc_30,
          nicolae_vaults_murderbox, v_misc_5, nicolae_vaults_specimen_jars,
          ontoclasm_vaults_decontamination, vaults_dpeg_hooks,
          layout_vaults_quadrants, serial_shops, shop_fountains
Vaults:2: nicolae_vaults_network_periphery, v_misc_15,
          nicolae_vaults_diagonal_hallway_8, hangedman_vaults_slice,
          v_alt_pattern_1, minmay_crypt_entry_nasty_monster,
          vaults_room_glass_cross, v_misc_30, vaults_room_fancy_cross,
          v_pattern_3, hangedman_vaults_hat, v_misc_28,
          nicolae_vaults_circle_grid_b, v_misc_15, vaults_dpeg_ring,
          vaults_dpeg_encased_lava, layout_vaults_ring, serial_shops,
          nicolae_shop_hallway_stairs, nicolae_shop_trees, shop, shop
Vaults:3: v_misc_25, hangedman_vaults_river_flow, nicolae_vaults_network_s,
          nicolae_vaults_quadrants, v_rooms_5, v_misc_11, vaults_room_corners,
          v_misc_5, vaults_room_pool, vaults_dpeg_doors, vaults_dpeg_cross,
          layout_vaults_big_cross, uniq_boris, uniq_zenata
Vaults:4: hangedman_vaults_trim, ontoclasm_vaults_idyll, hangedman_vaults_snaps,
          nicolae_vaults_little_squares_5, vaults_room_boxed,
          nicolae_vaults_network_square, v_pattern_2,
          nicolae_vaults_little_squares_4, vaults_room_pools,
          vaults_room_semicircle, layout_vaults_chaotic_city, uniq_mara,
          uniq_margery
Vaults:5
Depths:1: layout_twisted_cross, grunt_hell_entry_dis_grunt,
          minmay_fractal_squares_gapless_7, minmay_shop_grove
Depths:2: nicolae_cairo_tiling_large_dashed, layout_cave_pools,
          enter_ziggurat_d, abyss_entry, grunt_pan_entry_sceptre,
          kennysheep_cluttered_room, hell_entry,
          nemelex_xobeh_ov_fountains_minmay
Depths:3: minmay_the_grid_triangle_9x9_recursive_3
          [minmay_the_grid_triangle_9x9_sparse_checkered,
          minmay_the_grid_triangle_9x9_shrine,
          minmay_the_grid_triangle_9x9_odd_lines,
          minmay_the_grid_triangle_9x9_prize_top_heavy,
          minmay_the_grid_triangle_9x9_thin_v,
          minmay_the_grid_triangle_9x9_pentomino_pain,
          minmay_the_grid_triangle_9x9_zippers_vertical,
          minmay_the_grid_triangle_9x9_skeleton,
          minmay_the_grid_triangle_9x9_minimal], layout_cave_pools,
          amcnicky_mini_pool_small, rand_demon_pan_entry_4,
          hangedman_abyss_entry_splay, hell_entry, fedhas_altar_1
Depths:4: evilmike_zot_entry_castle, layout_gridville, abyss_entry,
          pf_coc_iceberg, nicolae_ru_sacrificial_ziggurat
Zot:1:    layout_gridlike, grunt_megastairs_2
Zot:2:    layout_onion_interference, grunt_megastairs_3
Zot:3:    grunt_twist_and_shout, layout_cathedral_of_symmetry
Zot:4:    nicolae_zot_draconian_monastery, layout_cathedral_of_symmetry,
          st_small_dragon_hoard_2
Zot:5:    layout_cellular_growth, gammafunk_ghost_mausoleum,
          nicolae_transmutations_shop

Skill      XL: |  1  2  3  4  5  6  7  8  9 10 11 12 13 14 15 16 17 18 19 20 21 22 23 24 25 26 |
---------------+-------------------------------------------------------------------------------+-----
Conjurations   | 2 3 4 5 6 7 8 9 10 11 12 13 14 15 | 15.3
Spellcasting   | 5 6 7 8 9 10 11 12 13 14 15 16 17 18 | 18.4
Invocations    | 1 2 3 4 5 6 7 8 9 10 11 12 13 14 15 16 17 18 19 | 19.3
Fighting       | 1 2 3 5 6 7 8 9 10 11 12 13 14 15 16 17 | 17.8
Short Blades   | 1 2 3 5 6 7 8 9 10 11 12 13 14 15 16 17 | 17.8
Long Blades    | 1 2 3 5 6 7 8 9 10 11 12 13 14 15 16 17 | 17.8
Axes           | 1 2 3 5 6 7 8 9 10 11 12 13 14 15 16 17 | 17.8
Maces & Flails | 1 2 3 5 6 7 8 9 10 11 12 13 14 15 16 17 | 17.8
Polearms       | 1 2 3 5 6 7 8 9 10 11 12 13 14 15 16 17 | 17.8
Staves         | 1 2 3 5 6 7 8 9 10 11 12 13 14 15 16 17 | 17.8
Ranged Weapons | 1 2 3 5 6 7 8 9 10 11 12 13 14 15 16 17 | 17.8
Throwing       | 1 2 3 5 6 7 8 9 10 11 12 13 14 15 16 17 | 17.8
Armour         | 1 2 3 5 6 7 8 9 10 11 12 13 14 15 16 17 | 17.8
Shields        | 1 2 3 5 6 7 8 9 10 11 12 13 14 15 16 17 | 17.8
Unarmed Combat | 1 2 3 5 6 7 8 9 10 11 12 13 14 15 16 17 | 17.8
Evocations     | 1 2 3 5 6 7 8 9 10 11 12 13 14 15 17 18 19 20 21 22 | 22.4
Hexes          | 1 2 3 4 5 6 7 8 9 10 11 12 13 14 15 | 15.2
Summonings     | 1 2 3 4 5 6 7 8 9 10 11 12 13 14 15 | 15.2
Necromancy     | 1 2 3 4 5 6 7 8 9 10 11 12 13 14 15 | 15.2
Translocations | 1 2 3 4 5 6 7 8 9 10 11 12 13 14 15 | 15.2
Transmutations | 1 2 3 4 5 6 7 8 9 10 11 12 13 14 15 | 15.2
Ice Magic      | 1 2 3 4 5 6 7 8 9 10 11 12 13 14 15 | 15.2
Air Magic      | 1 2 3 4 5 6 7 8 9 10 11 12 13 14 15 | 15.2
Earth Magic    | 1 2 3 4 5 6 7 8 9 10 11 12 13 14 15 | 15.2
Poison Magic   | 1 2 3 4 5 6 7 8 9 10 11 12 13 14 15 | 15.2
Dodging        | 5 6 7 8 9 10 11 12 13 14 15 16 17 18 | 18.3
Stealth        | 5 6 7 8 9 10 11 12 13 14 15 16 17 18 | 18.2
Fire Magic     | 6 7 8 9 10 11 12 13 14 15 16 | 16.0

Action                   |  1- 3 |  4- 6 |  7- 9 | 10-12 | 13-15 | 16-18 | 19-21 | 22-24 | 25-27 || total
-------------------------+-------+-------+-------+-------+-------+-------+-------+-------+-------++-------
Melee: Short sword       |       |       |     1 |       |       |       |       |       |       ||     1
       Rapier            |       |       |       |   139 |    44 |       |       |       |     2 ||   185
       Bite              |       |       |       |    21 |    66 |    88 |   117 |   145 |    38 ||   475
       Punch             |       |       |       |     5 |    10 |       |       |       |       ||    15
       War axe           |       |       |       |       |   370 |   349 |    53 |    45 |     7 ||   824
       Staff             |       |       |       |       |       |    76 |       |       |       ||    76
       Demon trident     |       |       |       |       |       |    10 |   810 |   594 |   294 ||  1708
       Morningstar       |       |       |       |       |       |       |    62 |   239 |    61 ||   362
 Fire: Sling             |    68 |    95 |   106 |   587 |   473 |     6 |       |       |       ||  1335
       Longbow           |       |       |    32 |       |       |       |       |       |       ||    32
Throw: Dart              |       |     4 |     8 |    55 |   353 |   188 |   105 |    40 |     5 ||   758
       Throwing net      |       |       |       |     1 |       |     1 |       |     1 |       ||     3
       Javelin           |       |       |       |       |    11 |    28 |    11 |    14 |     3 ||    67
       Boomerang         |       |       |       |       |       |    50 |       |       |       ||    50
 Cast: Foxfire           |    15 |    24 |    21 |    12 |    22 |       |     2 |     1 |       ||    97
       Scorch            |       |    26 |   115 |   130 |    63 |    36 |       |       |       ||   370
       Inner Flame       |       |       |     7 |    24 |    59 |    32 |    16 |    20 |       ||   158
       Ignite Poison     |       |       |       |     5 |   103 |   137 |   161 |   117 |    10 ||   533
       Blink             |       |       |       |       |     2 |    12 |     1 |       |       ||    15
       Olgreb's Toxic Ra |       |       |       |       |       |    52 |   162 |    60 |     6 ||   280
       Statue Form       |       |       |       |       |       |     7 |    11 |     9 |       ||    27
       Irradiate         |       |       |       |       |       |       |    29 |     4 |     2 ||    35
       Eringya's Noxious |       |       |       |       |       |       |     8 |    17 |       ||    25
       Death Channel     |       |       |       |       |       |       |       |    27 |    13 ||    40
       Haunt             |       |       |       |       |       |       |       |    18 |    25 ||    43
       Spellforged Servi |       |       |       |       |       |       |       |    17 |    49 ||    66
       Borgnjor's Vile C |       |       |       |       |       |       |       |     1 |    15 ||    16
Invok: Potion Petition   |       |       |       |       |       |       |       |     3 |       ||     3
       Bribe Branch      |       |       |       |       |       |       |       |       |     4 ||     4
 Abil: Evoke Blink       |       |       |       |       |       |       |     2 |       |       ||     2
       End Transformatio |       |       |       |       |       |       |     1 |     3 |       ||     4
Evoke: Wand              |       |     1 |       |    10 |    18 |     2 |     2 |     6 |    17 ||    56
       Phial of floods   |       |       |       |     2 |     1 |     1 |       |     1 |       ||     5
       Tin of tremorston |       |       |       |       |     3 |     3 |       |       |       ||     6
       Condenser vane    |       |       |       |       |     1 |     2 |       |     1 |       ||     4
       Phantom mirror    |       |       |       |       |       |       |       |     2 |       ||     2
       Box of beasts     |       |       |       |       |       |       |       |     3 |       ||     3
  Use: Scroll            |       |       |    10 |    11 |    13 |    11 |    13 |    12 |    11 ||    81
       Potion            |       |       |       |     6 |     4 |    10 |       |    10 |     3 ||    33
 Stab: Sleeping          |       |       |     1 |     8 |     8 |     3 |    27 |    18 |     6 ||    71
       Held in net/web   |       |       |       |     3 |       |       |       |       |       ||     3
       Distracted        |       |       |       |       |     6 |     2 |    16 |    34 |    15 ||    73
       Invisible         |       |       |       |       |     4 |       |       |       |       ||     4
Armor: Robe              |     3 |     8 |     7 |       |       |       |       |       |       ||    18
       Leather armour    |       |       |    17 |    95 |   115 |    53 |    40 |       |       ||   320
       Ring mail         |       |       |       |       |    48 |   170 |       |       |       ||   218
       Skin              |       |       |       |       |       |    89 |    29 |    46 |       ||   164
       Steam dragon scal |       |       |       |       |       |       |    53 |    70 |       ||   123
       Pearl dragon scal |       |       |       |       |       |       |       |    87 |   105 ||   192
Dodge: Dodged            |    21 |    28 |    66 |   496 |   534 |   455 |   287 |   286 |   101 ||  2274
Block: Other             |     2 |     9 |    20 |   136 |    99 |       |       |       |       ||   266
       Reflection        |       |     2 |     3 |     6 |    25 |    28 |    68 |    61 |     9 ||   202
       Buckler           |       |       |       |       |   187 |   271 |       |       |       ||   458
       Kite shield       |       |       |       |       |       |   267 |   597 |   500 |   184 ||  1548

Table legend: (Time is in decaauts)
 A = Elapsed time spent in this place.
 B = Non-inter-level travel time spent in this place.
 C = Inter-level travel time spent in this place.
 D = Time resting spent in this place.
 E = Time spent auto-exploring this place.
 F = Levels seen in this place.
 G = Mean time per level.
                   A        B        C        D        E       F      G
               +--------+--------+--------+--------+--------+-----+--------+
         Total |  85044 |  56789 |  28255 |  10181 |  31432 |  49 | 1735.6 |
       Dungeon |  28512 |  16258 |  12254 |   3541 |   8392 |  15 | 1900.8 |
          Lair |  11787 |   8477 |   3310 |   1855 |   4401 |   5 | 2357.4 |
        Shoals |   5891 |   4095 |   1796 |    702 |   2300 |   4 | 1472.8 |
   Spider Nest |   7520 |   5614 |   1906 |   1741 |   2523 |   4 | 1880.0 |
  Orcish Mines |   3992 |   2037 |   1955 |    471 |    851 |   2 | 1996.0 |
   Elven Halls |   6598 |   4002 |   2596 |    515 |   2477 |   3 | 2199.3 |
        Vaults |  10128 |   8366 |   1762 |    697 |   5821 |   5 | 2025.6 |
        Depths |   7495 |   5738 |   1757 |    477 |   4062 |   4 | 1873.8 |
           Zot |   1560 |    645 |    915 |     71 |      0 |   5 |  312.0 |
    Desolation |    993 |    993 |      0 |      0 |    444 |   1 |  993.0 |
      Gauntlet |    564 |    564 |      0 |    108 |    160 |   1 |  564.0 |
               +--------+--------+--------+--------+--------+-----+--------+

Top non-repeatable levels by time:
  Lair:2: 3754 daAuts
     D:8: 3657 daAuts
   Orc:2: 3046 daAuts
   Elf:3: 2998 daAuts
    D:10: 2773 daAuts
Depths:4: 2692 daAuts
    D:14: 2611 daAuts
Vaults:5: 2492 daAuts
  Lair:1: 2383 daAuts
Vaults:4: 2308 daAuts
     D:9: 2266 daAuts
   Elf:2: 2246 daAuts
Spider:3: 2207 daAuts
    D:12: 2147 daAuts
Spider:4: 2145 daAuts
